 Dungeon Crawl Stone Soup version 0.20.0-6-gd3061e9 (webtiles) character file.

1733 Monsterracer the Grappler (level 8, -4/74 HPs)
             Began as a Troll Monk on May 28, 2017.
             Slain by an orc warrior
             ... wielding a +0 trident
              (14 damage)
             ... on level 6 of the Dungeon.
             The game lasted 00:09:09 (4050 turns).

Monsterracer the Grappler (Troll Monk)              Turns: 4050, Time: 00:09:10

Health: -4/74      AC:  5    Str: 25    XL:     8   Next: 76%
Magic:  7/7        EV: 10    Int:  6    God:
Gold:   225        SH:  4    Dex: 14    Spells: 6/7 levels left

rFire    + . .     SeeInvis .     - Unarmed
rCold    . . .     Gourm    +   (no shield)
rNeg     . . .     Faith    .   a - +0 robe (curse)
rPois    +         Spirit   .   (helmet restricted)
rElec    .         Reflect  +   (no cloak)
rCorr    .         Harm     .   (gloves unavailable)
MR       +....                  (boots unavailable)
Stlth    ++........             r - +4 amulet of reflection
Regen    0.7/turn               o - ring of protection from fire
MPRegen  0.1/turn               (no ring)

@: mighty
A: unfitting armour, claws 3, fast metabolism 3, gourmand, magic resistance 1,
poison resistance, regeneration 1, shaggy fur 1, tough skin 2
a: no special abilities


You were on level 6 of the Dungeon.
You were very full.

You visited 1 branch of the dungeon, and saw 6 of its levels.

You collected 225 gold pieces.

Inventory:

Missiles
 k - a throwing net (quivered)
Armour
 a - a cursed +0 robe (worn)
 m - the +1 robe of Lethargy {MR+}
   (You found it on level 5 of the Dungeon)

   It affects your resistance to hostile enchantments.
Jewellery
 o - a ring of protection from fire (left claw)
 p - an uncursed amulet of guardian spirit
 r - a +4 amulet of reflection (around neck)
Wands
 c - a wand of random effects (22/48)
Scrolls
 d - 6 scrolls of identify
 e - 3 scrolls of teleportation
 q - 2 scrolls of remove curse
Potions
 h - 8 potions of curing
 l - a potion of mutation
Comestibles
 b - 4 bread rations
 f - 2 chunks of flesh
 g - 2 fruits
 i - 3 meat rations


   Skills:
 - Level 2.4 Fighting
 - Level 2.4 Dodging
 - Level 1.0 Stealth
 + Level 11.5 Unarmed Combat


You had 6 spell levels left.
You knew the following spells:

 Your Spells              Type           Power        Failure   Level  Hunger
a - Apportation           Tloc           #.....       45%         1    ##.....


Dungeon Overview and Level Annotations

Branches:
Dungeon (6/15)
 Temple: D:4-7

Altars:
Cheibriados
Dithmenos
Makhleb
Nemelex Xobeh
Okawaru
Qazlal
Xom

Shops:
D:4 ((?(=

Annotations:
D:6 Dowan


Innate Abilities, Weirdness & Mutations

You are too large for most types of armour.
You have claws for hands.
Your metabolism is lightning-fast.
You like to eat raw meat.
Your natural rate of healing is unusually fast.
You are covered in fur. (AC +1)
You have very tough skin. (AC +2)
You are resistant to hostile enchantments. (MR+)
Your system is resistant to poisons. (rPois)


Message History

The bullfrog is almost dead.
The bullfrog barely misses you. You block the bullfrog's attack.
You claw the bullfrog!
You kill the bullfrog!
The orc priest casts a cantrip, but nothing happens.
You mangle the orc!!
You kill the orc!
The orc priest mumbles some strange prayers to Beogh against you.
Beogh smites you!
* * * LOW HITPOINT WARNING * * *
The orc warrior hits you with a trident.
* * * LOW HITPOINT WARNING * * *
The orc priest mumbles some strange prayers to Beogh against you.
Beogh smites you!
* * * LOW HITPOINT WARNING * * *
You see here a dagger.
You mangle the orc warrior!!
The orc warrior is severely wounded.
The orc warrior hits you with a trident!
You die...

#. #.## #... #..#
#..## .. ... #e# ###
#.# .... .. #.#
>...... #@# ...#o
##o#### ####
.o.###.oY..# #+##..#
#.#.#.......# #.###.#
#..{...###..# #.###)#
.......#..# +..####
#.#....
#.##.###..###.....#
#.#.#.# #
#.....)....# #.#.#.#
###........####.....#


You could see an orc warrior, an ice beast and an orc priest.

Vanquished Creatures
  Sigmund (D:5)
  The ghost of Zleub the Skirmisher, an amateur DrMo (D:4)
  3 phantoms
  An ice beast (D:6)
  2 ogres
  2 bullfrogs (D:6)
  A scorpion (D:5)
  3 howler monkeys
  A crimson imp (D:5)
  An orc priest (D:4)
  3 hounds
  2 orc wizards
  2 centaur skeletons
  An iguana (D:4)
  5 worker ants
  A worker ant zombie (D:5)
  4 gnolls
  5 adders
  An ooze (D:5)
  An adder zombie (D:5)
  2 adder skeletons (D:4)
  2 worms
  A dart slug (D:4)
  6 leopard geckos
  10 orcs
  2 ball pythons
  8 bats
  7 giant cockroaches
  6 goblins
  5 hobgoblins
  4 jackals (D:4)
  6 quokkas
  5 frilled lizards
  A jackal skeleton (D:4)
  11 kobolds
  A leopard gecko skeleton (D:5)
  12 rats
130 creatures vanquished.

Notes
Turn   | Place    | Note
-------+----------+-------------------------------------------
     0 | D:1      | Monsterracer the Troll Monk began the quest for the Orb.
     0 | D:1      | Reached XP level 1. HP: 22/22 MP: 0/0
   112 | D:1      | Reached XP level 2. HP: 29/29 MP: 1/1
   406 | D:1      | Reached skill level 4 in Unarmed Combat
   420 | D:1      | Reached XP level 3. HP: 36/36 MP: 2/2
   824 | D:2      | Found a stormy altar of Qazlal.
  1000 | D:2      | Found an iron altar of Okawaru.
  1233 | D:2      | Reached XP level 4. HP: 42/44 MP: 3/3
  1288 | D:2      | Found a burning altar of Makhleb.
  1423 | D:2      | Reached skill level 5 in Unarmed Combat
  1546 | D:3      | Found a snail-covered altar of Cheibriados.
  1956 | D:3      | Gained mutation: You are resistant to hostile enchantments. (MR+) [potion of mutation]
  1956 | D:3      | Gained mutation: Your system is resistant to poisons. (rPois) [potion of mutation]
  2104 | D:4      | Found Toffoj's Antique Weapon Shop.
  2134 | D:4      | Noticed Zleub's ghost (amateur DrMo)
  2152 | D:4      | Killed Zleub's ghost
  2152 | D:4      | Reached skill level 6 in Unarmed Combat
  2152 | D:4      | Reached XP level 5. HP: 28/50 MP: 4/4
  2163 | D:4      | Reached XP level 6. HP: 30/59 MP: 5/5
  2236 | D:4      | Found Kiumih's Weapon Emporium.
  2260 | D:4      | Reached skill level 7 in Unarmed Combat
  2342 | D:4      | Found Coacuel's Jewellery Boutique.
  2431 | D:4      | Found Laelorus's Antique Weapon Boutique.
  2503 | D:4      | Learned a level 1 spell: Apportation
  2539 | D:4      | Reached skill level 8 in Unarmed Combat
  2539 | D:4      | Reached XP level 7. HP: 17/66 MP: 6/6
  2632 | D:4      | Found a shadowy altar of Dithmenos.
  2730 | D:4      | Found Qoreeh's Magic Scroll Boutique.
  2987 | D:4      | Found a shimmering altar of Xom.
  2987 | D:4      | Found a sparkling altar of Nemelex Xobeh.
  3030 | D:5      | Entered Level 5 of the Dungeon
  3030 | D:5      | Noticed Sigmund
  3038 | D:5      | Killed Sigmund
  3077 | D:5      | Found a sparkling altar of Nemelex Xobeh.
  3087 | D:5      | Reached skill level 9 in Unarmed Combat
  3359 | D:5      | Got a twisted robe
  3370 | D:5      | Identified the +1 robe of Lethargy {MR+} (You found it on level 5 of the Dungeon)
  3455 | D:5      | Reached XP level 8. HP: 74/74 MP: 7/7
  3634 | D:5      | Reached skill level 10 in Unarmed Combat
  3966 | D:6      | Reached skill level 11 in Unarmed Combat
  4038 | D:6      | Noticed Dowan
  4050 | D:6      | Slain by an orc warrior

Skill      XL: |  1  2  3  4  5  6  7  8 |
---------------+-------------------------+-----
Unarmed Combat | 4 6 8 9 11 | 11.5
Fighting       | |  2.4
Dodging        | |  2.4
Stealth        | |  1.0

Action                   |  1- 3 |  4- 6 |  7- 9 || total
-------------------------+-------+-------+-------++-------
Melee: Unarmed           |   113 |    99 |   126 ||   338
       Punch             |     1 |       |     9 ||    10
  Use: Potion            |     3 |     3 |     4 ||    10
       Scroll            |       |     4 |     2 ||     6
 Stab: Sleeping          |     3 |     3 |       ||     6
       Distracted        |       |     1 |     1 ||     2
  Eat: Chunk             |     8 |    13 |    16 ||    37
       Meat ration       |       |     1 |       ||     1
Armor: Robe              |    43 |    17 |    25 ||    85
       Skin              |       |       |     1 ||     1
Dodge: Dodged            |    68 |    36 |    39 ||   143
Block: Other             |       |       |     1 ||     1
